 Dungeon Crawl Stone Soup version 0.22.0-18-ge075c0d (webtiles) character file.

75 digijack the Sneak (level 4, 0/32 HPs)
             Began as a Gnoll Enchanter on Aug 18, 2018.
             Killed from afar by an orc wizard (5 damage)
             ... with a magic dart
             ... on level 3 of the Dungeon.
             The game lasted 00:10:08 (1504 turns).

digijack the Sneak (Gnoll Enchanter)                Turns: 1504, Time: 00:10:09

Health: 0/32       AC:  3    Str: 11    XL:     4   Next: 31%
Magic:  1/11       EV: 15    Int: 20    God:
Gold:   108        SH:  0    Dex: 16    Spells: 4/13 levels left

rFire    . . .     SeeInvis .   a - +3 dagger
rCold    . . .     Gourm    .   (no shield)
rNeg     . . .     Faith    .   b - +0 robe
rPois    .         Spirit   .   e - +0 helmet
rElec    .         Reflect  .   (no cloak)
rCorr    .         Harm     .   (no gloves)
MR       .....                  (no boots)
Stlth    +++.......             (no amulet)
HPRegen  0.10/turn              g - +3 ring of intelligence
MPRegen  0.12/turn              (no ring)

@: slowed, very slow
A: distributed training, fangs 1, strong nose
a: no special abilities


You were on level 3 of the Dungeon.
You were not hungry.

You visited 1 branch of the dungeon, and saw 3 of its levels.

You collected 108 gold pieces.

Inventory:

Hand Weapons
 a - a +3 dagger (weapon)
 j - a +0 quarterstaff of protection
Missiles
 c - 2 stones
 h - 4 steel tomahawks (quivered)
Armour
 b - a +0 robe (worn)
 e - a +0 helmet (worn)
Jewellery
 g - a +3 ring of intelligence (left hand)
Scrolls
 i - a scroll of teleportation
Comestibles
 d - 2 rations


   Skills:
 + Level 1.1 Fighting
 + Level 2.7 Short Blades
 + Level 1.1 Long Blades
 + Level 1.1 Axes
 + Level 1.1 Maces & Flails
 + Level 1.1 Polearms
 + Level 1.1 Staves
 + Level 1.1 Slings
 + Level 1.1 Bows
 + Level 1.1 Crossbows
 + Level 1.1 Throwing
 + Level 1.1 Armour
 + Level 4.6 Dodging
 + Level 6.0 Stealth
 + Level 1.1 Shields
 + Level 1.1 Unarmed Combat
 + Level 5.0 Spellcasting
 + Level 0.8 Conjurations
 + Level 5.4 Hexes
 + Level 0.8 Charms
 + Level 0.8 Summonings
 + Level 0.8 Necromancy
 + Level 0.8 Translocations
 + Level 0.8 Transmutations
 + Level 0.8 Fire Magic
 + Level 0.8 Ice Magic
 + Level 0.8 Air Magic
 + Level 0.8 Earth Magic
 + Level 0.8 Poison Magic
 + Level 1.2 Invocations
 + Level 1.1 Evocations


You had 4 spell levels left.
You knew the following spells:

 Your Spells              Type           Power        Failure   Level  Hunger
a - Corona                Hex            ####...      1%          1    None
b - Ensorcelled Hibernat  Hex/Ice        ###...       4%          2    None
c - Tukima's Dance        Hex            ####....     3%          3    ##.....
d - Dazzling Spray        Conj/Hex       ###...       10%         3    ##.....

Your spell library contained the following spells:

 Spells                   Type           Power        Failure   Level  Hunger
 Confuse                  Hex            ####....     3%          3    ##.....


Dungeon Overview and Level Annotations

Branches:
Dungeon (3/15)

Altars:
Dithmenos
Elyvilon
Xom


Innate Abilities, Weirdness & Mutations

Your experience applies equally to all skills.
You have very sharp teeth.
Your uncanny sense of smell can sniff out nearby items.


Message History

You barely miss the orc wizard.
The orc wizard is heavily wounded.
The orc wizard gestures wildly while chanting.
The orc wizard blinks!
The orc wizard hits you. The orc wizard closely misses you.
You hit the orc wizard.
The orc wizard is severely wounded.
The orc wizard gestures at you while chanting.
You resist with some effort. The orc wizard closely misses you.
You barely miss the orc wizard.
The orc wizard is severely wounded.
The orc wizard misses you. The orc wizard casts a spell at you.
The magic dart hits you!
* * * LOW HITPOINT WARNING * * *
You barely miss the orc wizard.
The orc wizard is severely wounded.
The orc wizard casts a spell at you. The magic dart hits you!
You die...

#....<......#
#...........#
#...........####
#..........h...#
#........%..##[#
#...........##†#
#)..........##.#
............##o#
............##@#
...##########.#
## #+# ∆ ∆


You could see an orc wizard.

Vanquished Creatures
  2 adders
  An ooze (D:1)
  2 dart slugs
  3 leopard geckos
  2 orcs (D:3)
  3 giant cockroaches (D:1)
  5 goblins
  6 hobgoblins
  3 jackals (D:3)
  2 kobolds
  A quokka (D:2)
  5 bats
  4 frilled lizards
  A leopard gecko skeleton (D:2)
  3 rats
43 creatures vanquished.

Vanquished Creatures (others)
  A dancing weapon (D:3)
1 creature vanquished.

Grand Total: 44 creatures vanquished

Notes
Turn   | Place    | Note
-------+----------+-------------------------------------------
     0 | D:1      | digijack the Gnoll Enchanter began the quest for the Orb.
     0 | D:1      | Reached XP level 1. HP: 13/13 MP: 6/6
   234 | D:1      | Reached XP level 2. HP: 19/19 MP: 7/7
   382 | D:1      | Reached XP level 3. HP: 23/25 MP: 9/9
   387 | D:1      | Reached skill level 5 in Spellcasting
   708 | D:2      | Reached skill level 6 in Stealth
   716 | D:2      | Learned a level 2 spell: Ensorcelled Hibernation
   720 | D:2      | Learned a level 3 spell: Tukima's Dance
   724 | D:2      | Learned a level 3 spell: Dazzling Spray
   811 | D:2      | Found a shimmering altar of Xom.
   813 | D:2      | Reached skill level 1 in Invocations
   815 | D:2      | Found a white marble altar of Elyvilon.
   944 | D:2      | Reached skill level 1 in Fighting
   944 | D:2      | Reached skill level 1 in Long Blades
   944 | D:2      | Reached skill level 1 in Axes
   944 | D:2      | Reached skill level 1 in Maces & Flails
   944 | D:2      | Reached skill level 1 in Polearms
   944 | D:2      | Reached skill level 1 in Staves
   944 | D:2      | Reached skill level 1 in Slings
   944 | D:2      | Reached skill level 1 in Bows
   944 | D:2      | Reached skill level 1 in Crossbows
   944 | D:2      | Reached skill level 1 in Throwing
   944 | D:2      | Reached skill level 1 in Armour
   944 | D:2      | Reached skill level 1 in Shields
   944 | D:2      | Reached skill level 1 in Unarmed Combat
   944 | D:2      | Reached skill level 1 in Evocations
  1079 | D:2      | Found a shadowy altar of Dithmenos.
  1267 | D:2      | Reached XP level 4. HP: 29/32 MP: 6/11
  1504 | D:3      | Killed from afar by an orc wizard

Skill      XL: |  1  2  3 |
---------------+----------+-----
Spellcasting   | 5 |  5.0
Stealth        | 6 |  6.0
Invocations    | 1 |  1.2
Fighting       | 1 |  1.1
Long Blades    | 1 |  1.1
Axes           | 1 |  1.1
Maces & Flails | 1 |  1.1
Polearms       | 1 |  1.1
Staves         | 1 |  1.1
Slings         | 1 |  1.1
Bows           | 1 |  1.1
Crossbows      | 1 |  1.1
Throwing       | 1 |  1.1
Armour         | 1 |  1.1
Shields        | 1 |  1.1
Unarmed Combat | 1 |  1.1
Evocations     | 1 |  1.1
Short Blades   | |  2.7
Dodging        | |  4.6
Conjurations   | |  0.8
Hexes          | |  5.4
Charms         | |  0.8
Summonings     | |  0.8
Necromancy     | |  0.8
Translocations | |  0.8
Transmutations | |  0.8
Fire Magic     | |  0.8
Ice Magic      | |  0.8
Air Magic      | |  0.8
Earth Magic    | |  0.8
Poison Magic   | |  0.8

Action                   |  1- 3 |  4- 6 || total
-------------------------+-------+-------++-------
Melee: Dagger            |    85 |    30 ||   115
       Bite              |     3 |     3 ||     6
 Cast: Corona            |    11 |       ||    11
       Ensorcelled Hiber |    10 |     4 ||    14
       Tukima's Dance    |       |     2 ||     2
       Dazzling Spray    |       |     1 ||     1
  Use: Potion            |     2 |       ||     2
       Scroll            |     4 |       ||     4
 Stab: Sleeping          |    23 |     2 ||    25
  Eat: Chunk             |     1 |     1 ||     2
Armor: Robe              |     7 |     8 ||    15
Dodge: Dodged            |    47 |    20 ||    67
